 Dungeon Crawl Stone Soup version 0.31-a0-1603-gbec6b6ccbf (webtiles) character file.

Game seed: 5088927403006901338

88 jestert79 the Chopper (level 4, -4/37 HPs)
             Began as a Hill Orc Reaver on Jan 7, 2024.
             Slain by a bullfrog simulacrum (10 damage)
             ... in an ossuary.
             The game lasted 00:03:20 (1906 turns).

jestert79 the Chopper (Hill Orc Reaver)             Turns: 1906, Time: 00:03:20

Health: -4/37      AC:  5    Str: 16    XL:     4   Next: 53%
Magic:  6/6        EV: 10    Int: 13    God:
Gold:   113        SH:  0    Dex:  9    Spells: 5/6 levels left

rFire   . . .        a - +0 hand axe (venom)
rCold   . . .        (no shield)
rNeg    . . .        c - +0 ring mail
rPois   .            (no helmet)
rElec   .            (no cloak)
rCorr   .            (no gloves)
SInv    .            (no boots)
Will    .....        (no amulet) Stlth
                     (no ring)
HPRegen 0.26/turn    (no ring)
MPRegen 0.10/turn

%: no passive effects
@: no status effects
A: no striking features
a: no special abilities


You were in an ossuary.
You visited 1 branch of the dungeon, and saw 3 of its levels.
You also visited: Ossuary.

You collected 113 gold pieces.

Inventory:

Hand Weapons
 a - a +0 hand axe of venom (weapon)
Armour
 c - a +0 ring mail (worn)
Scrolls
 d - 2 scrolls of fog
Potions
 h - a potion of might {unknown}
 i - a potion of mutation {unknown}
 j - a potion of heal wounds {unknown}
 k - a potion of lignification


   Skills:
 - Level 2.4 Fighting
 + Level 6.9 Axes
 - Level 1.5 Dodging
 - Level 1.5 Spellcasting
 - Level 3.0 Conjurations


You had 5 spell levels left.
You knew the following spells:

 Your Spells              Type           Power      Damage    Failure   Level
a - Kiss of Death         Conj/Necr      16%        2d6       28%         1

Your spell library contained the following spells:

 Spells                   Type           Power      Damage    Failure   Level
 Momentum Strike          Conj/Tloc      8%         3d8       38%         2
 Hailstorm                Conj/Ice       4%         3d5       63%         3


Dungeon Overview and Level Annotations

Branches:
Dungeon (4/15)            Ossuary (1/1)
 Temple: D:4-7

Altars:


Message History

You hit the hobgoblin.
You kill the hobgoblin!
You see here a hobgoblin corpse.
You open the door.
A mummy comes into view.
Found a sand-covered staircase.
You hit the mummy.
The mummy is moderately damaged.
You hit the mummy.
The mummy is heavily damaged.
The mummy closely misses you.
You hit the mummy.
The mummy is severely damaged.
You hit the mummy.
You destroy the mummy!
There is an open door here.
There is a sand-covered staircase here.
The world spins around you as you enter the gateway.
You enter an ossuary!
Found ten items.
There is an empty arch of ancient stone here.
Unknown command.
Unknown command.
You open the door.
A gnoll zombie and a bullfrog simulacrum come into view.
Found a gate leading back out of this place.
You hit the bullfrog simulacrum.
The bullfrog simulacrum is moderately damaged.
The bullfrog simulacrum hits you. The bullfrog simulacrum freezes you!
The bullfrog simulacrum hits you. The bullfrog simulacrum freezes you!
* * * LOW HITPOINT WARNING * * *
You barely miss the bullfrog simulacrum.
The bullfrog simulacrum is moderately damaged.
The bullfrog simulacrum hits you but does no damage.
You hit the bullfrog simulacrum.
The bullfrog simulacrum is heavily damaged.
The bullfrog simulacrum hits you.
* * * LOW HITPOINT WARNING * * *
The bullfrog simulacrum freezes you!
You die...

### ##### ###
#!!??#...#..∩#
+??$!#.∩@ZZ..#
#!??!#...#...#
### ##### ..#
.# #


You could see a bullfrog simulacrum and a gnoll zombie.

Vanquished Creatures
  Natasha (D:2)
  A mummy (D:4)
  A gnoll (D:1)
  A dart slug (D:1)
  A ribbon worm (D:2)
  7 bats
  4 endoplasms (D:1)
  2 giant cockroaches
  4 goblins
  2 hobgoblins
  4 jackals (D:1)
  2 ball pythons (D:1)
  2 frilled lizards (D:2)
  A goblin zombie (D:4)
  2 kobolds
  2 rats
37 creatures vanquished.

Notes
Turn   | Place    | Note
-------+----------+-------------------------------------------
     0 | D:1      | jestert79 the Hill Orc Reaver began the quest for the Orb.
     0 | D:1      | Reached XP level 1. HP: 18/18 MP: 3/3
   129 | D:1      | Reached XP level 2. HP: 18/25 MP: 4/4
   278 | D:1      | Reached skill level 5 in Axes
   351 | D:1      | Reached XP level 3. HP: 22/30 MP: 5/5
   645 | D:1      | Found a faded altar of an unknown god.
  1175 | D:2      | Reached skill level 6 in Axes
  1176 | D:2      | Noticed Natasha
  1352 | D:2      | Killed Natasha
  1353 | D:2      | Reached XP level 4. HP: 6/37 MP: 6/6
  1796 | D:2      | Identified the +0 leather armour of Hagh {rF+ rN+}
  1805 | D:2      | You fall into a shaft and drop 2 floors!
  1892 | D:4      | Found a sand-covered staircase.
  1900 | Ossuary  | Entered an ossuary
  1906 | Ossuary  | Slain by a bullfrog simulacrum

Illustrated notes

Levels and vault maps discovered:
D:1:      tarquinn_simple_flora_water_f, layout_basic,
          shapermc_ecumenical_altar_notcrosses
D:2:      layout_rooms, uniq_natasha
D:4:      cheibrodos_barr_body, layout_basic, minitemple,
          minmay_temple_entry_stoned_glass, nicolae_ossuary_entry_giza,
          cheibrodos_sewer_entry_sluice
Ossuary:  ossuary_tomb_2

Skill      XL: |  1  2  3 |
---------------+----------+-----
Axes           | 5 6 |  6.9
Fighting       | |  2.4
Dodging        | |  1.5
Spellcasting   | |  1.5
Conjurations   | |  3.0

Action                     |  1- 3 |  4- 6 || total
---------------------------+-------+-------++-------
  Melee: Hand axe          |   114 |    14 ||   128
    Use: Scroll            |       |     5 ||     5
 Armour: Leather armour    |    18 |       ||    18
         Ring mail         |    58 |    11 ||    69
  Dodge: Dodged            |    76 |     2 ||    78

Table legend: (Time is in decaauts)
 A = Elapsed time spent in this place.
 B = Non-inter-level travel time spent in this place.
 C = Inter-level travel time spent in this place.
 D = Time resting spent in this place.
 E = Time spent auto-exploring this place.
 F = Levels seen in this place.
 G = Mean time per level.
                   A        B        C        D        E       F      G
               +--------+--------+--------+--------+--------+-----+--------+
         Total |   1910 |   1878 |     32 |    542 |    911 |   4 |  477.5 |
       Dungeon |   1904 |   1872 |     32 |    542 |    911 |   3 |  634.7 |
       Ossuary |      5 |      5 |      0 |      0 |      0 |   1 |    5.0 |
               +--------+--------+--------+--------+--------+-----+--------+

Top non-repeatable levels by time:
     D:1: 953 daAuts
     D:2: 856 daAuts
     D:4: 94 daAuts
 Ossuary: 5 daAuts
